 Dungeon Crawl Stone Soup version 0.30-a0-1124-g6e8f0f562f (webtiles) character file.

Game seed: 8084178542907959592

545951 jlumianski the Slayer (level 24, -10/414 HPs)
             Began as a Demonspawn Fighter on Apr 21, 2023.
             Was a High Priest of Qazlal.
             Killed by divine providence
             ... invoked by a white draconian stormcaller
              (11 damage)
             ... on level 1 of the Realm of Zot on Apr 24, 2023.
             The game lasted 06:03:30 (56191 turns).

jlumianski the Slayer (Demonspawn Fighter)         Turns: 56191, Time: 06:03:31

Health: -10/414    AC: 46    Str: 33      XL:     24   Next: 89%
Magic:  37/37      EV: 14    Int: 14      God:    Qazlal [*****.]
Gold:   4517       SH: 29    Dex: 10 (11) Spells: 22/23 levels left

rFire   . . .        w - +9 demon whip (vamp)
rCold   . . .        W - +0 tower shield "Jicli" {*Slow Fly Will++ Int+3}
rNeg    + . .        z - +6 shadow dragon scales of Dice, Bag, and Bottle {Str+2 Stlth++++}
rPois   +            (helmet unavailable)
rElec   .            y - +2 cloak {rPois}
rCorr   +            E - +2 pair of gloves
SInv    +            p - +3 pair of seven-league boots {Rampage+∞}
Will    +++..        c - amulet of Vitality {RegenMP++ Regen++} Stlth
                     S - ring "Garefy" {rPois rN+ rCorr AC+4 Dex-4}
HPRegen 2.49/turn    U - +6 ring of strength
MPRegen 1.05/turn

%: slow self (1%), repel missiles, rampage+∞
@: mighty, agile, berserking (expiring), protected from physical damage, flying,
slowed
A: antennae 3, foul stench 3, powered by pain 3, robust 3, sharp scales 2,
deterioration 1
}: 3/15 runes: serpentine, barnacled, silver
a: Renounce Religion, Upheaval, Elemental Force, Disaster Area


You were on level 1 of the Realm of Zot.
You worshipped Qazlal.
Qazlal was extremely pleased with you.
You visited 9 branches of the dungeon, and saw 44 of its levels.
You visited 2 bazaars.
You also visited: Ossuary, Gauntlet and Desolation.

You collected 7336 gold pieces.
You spent 2819 gold pieces at shops.

Inventory:

Hand Weapons
 k - a +2 broad axe of electrocution
 o - the +9 whip "Grim Tooth" {speed, rPois rC- Will++ Int+4}
   (You found it on level 4 of the Dungeon)

   Int:       It affects your intelligence (+4).
   rC:        It makes you vulnerable to cold.
   rPois:     It protects you from poison.
   Will:      It greatly increases your willpower.
 w - a +9 vampiric demon whip (weapon)
Missiles
 n - 3 boomerangs of dispersal
 D - 6 throwing nets
 P - 16 javelins (quivered)
 X - 4 curare-tipped darts
Armour
 a - +0 gold dragon scales
 p - the +3 pair of seven-league boots (worn) {Rampage+∞}
   (You bought it in a shop on level 4 of the Snake Pit)

   Rampage+∞: When moving toward enemies, its wearer moves as far as possible.
 y - a +2 cloak of poison resistance (worn)
 z - the +6 shadow dragon scales of Dice, Bag, and Bottle (worn) {Str+2 Stlth++++}
   (You acquired it on level 9 of the Dungeon)

   Str:       It affects your strength (+2).
   Stlth:     It makes you much more stealthy.
 E - a +2 pair of gloves (worn)
 W - the +0 tower shield "Jicli" (worn) {*Slow Fly Will++ Int+3}
   (You took it off Louise on level 4 of the Snake Pit)

   Int:       It affects your intelligence (+3).
   Fly:       It grants you flight.
   *Slow:     It may slow you when you take damage.
   Will:      It greatly increases your willpower.
Jewellery
 b - a ring of fire
 c - the amulet of Vitality (around neck) {RegenMP++ Regen++}
   (You found it on level 2 of the Snake Pit)

   [amulet of magic regeneration]

   It increases your rate of magic regeneration.
   Regen:     It increases your rate of health regeneration.
 h - a ring of protection from fire
 m - an amulet of reflection
 M - a ring of protection from cold
 S - the ring "Garefy" (left hand) {rPois rN+ rCorr AC+4 Dex-4}
   (You found it in the Desolation of Salt)

   [ring of protection]

   AC:        It affects your AC (+4).
   Dex:       It affects your dexterity (-4).
   rPois:     It protects you from poison.
   rN:        It protects you from negative energy.
   rCorr:     It protects you from acid and corrosion.
 U - a +6 ring of strength (right hand)
Wands
 f - a wand of charming (33)
 q - a wand of flame (175)
 F - a wand of mindburst (22)
 Q - a wand of iceblast (68)
 V - a wand of light (35)
 Y - a wand of digging (10)
Scrolls
 e - 5 scrolls of poison
 g - 4 scrolls of fear
 t - a scroll of immolation
 v - 23 scrolls of teleportation
 B - a scroll of enchant armour
 I - 4 scrolls of blinking
 J - 6 scrolls of summoning
 K - 4 scrolls of silence
 T - 10 scrolls of magic mapping
Potions
 d - 8 potions of might
 i - 5 potions of flight
 j - 21 potions of curing
 l - 6 potions of invisibility
 s - 13 potions of haste
 u - 2 potions of resistance
 x - a potion of brilliance
 G - 6 potions of cancellation
 N - 4 potions of berserk rage
 O - 22 potions of heal wounds
Miscellaneous
 r - a phantom mirror
 A - a tin of tremorstones (2/2)


   Skills:
 * Level 22.9 Fighting
 - Level 3.0(8.1) Axes
 - Level 11.8(12.0) Maces & Flails
 + Level 2.9 Throwing
 * Level 17.0 Armour
 - Level 1.1 Dodging
 + Level 22.8 Shields
 * Level 21.6 Invocations
 * Level 16.7 Evocations


You had 22 spell levels left.
You knew the following spells:

 Your Spells              Type           Power      Damage    Failure   Level
a - Summon Small Mammal   Summ           0%         N/A       69%         1

Your spell library contained the following spells:

 Spells                   Type           Power      Damage    Failure   Level
 Apportation              Tloc           0%         N/A       69%         1
 Beastly Appendage        Tmut           0%         N/A       69%         1
 Kiss of Death            Conj/Necr      0%         2d5       69%         1
 Magic Dart               Conj           0%         1d3       69%         1
 Necrotise                Necr           0%         1d4       69%         1
 Slow                     Hex            0%         N/A       69%         1
 Blink                    Tloc           0%         N/A       83%         2
 Call Imp                 Summ           0%         N/A       83%         2
 Ensorcelled Hibernation  Hex/Ice        0%         N/A       83%         2
 Lesser Beckoning         Tloc           0%         N/A       83%         2
 Poisonous Vapours        Pois/Air       0%         N/A       83%         2
 Scorch                   Fire           0%         2d5       83%         2
 Static Discharge         Conj/Air       0%         2-2/arc   83%         2
 Sublimation of Blood     Necr           0%         N/A       83%         2
 Wereblood                Tmut           0%         N/A       83%         2
 Confusing Touch          Hex            0%         N/A       96%         3
 Frozen Ramparts          Ice            0%         1d1       96%         3
 Gell's Gravitas          Tloc           0%         N/A       96%         3
 Hailstorm                Conj/Ice       0%         3d3       96%         3
 Ignite Poison            Fire/Tmut/Pois 0%         N/A       96%         3
 Inner Flame              Hex/Fire       0%         N/A       96%         3
 Mephitic Cloud           Conj/Pois/Air  0%         N/A       96%         3
 Spider Form              Tmut/Pois      0%         N/A       96%         3
 Summon Guardian Golem    Hex/Summ       0%         N/A       96%         3
 Swiftness                Air            0%         N/A       96%         3
 Teleport Other           Tloc           0%         N/A       96%         3
 Tukima's Dance           Hex            0%         N/A       96%         3
 Vampiric Draining        Necr           0%         2d6       96%         3
 Vhi's Electric Charge    Tloc/Air       0%         N/A       96%         3
 Volatile Blastmotes      Fire/Tloc      0%         2d10      96%         3
 Airstrike                Air            0%         2d(0-16)  100%        4
 Anguish                  Hex/Necr       0%         N/A       100%        4
 Animate Dead             Necr           0%         N/A       100%        4
 Cause Fear               Hex            0%         N/A       100%        4
 Dispel Undead            Necr           0%         3d6       100%        4
 Flame Wave               Conj/Fire      0%         2d4       100%        4
 Fulminant Prism          Conj/Hex       0%         3d5       100%        4
 Ice Form                 Ice/Tmut       0%         N/A       100%        4
 Iskenderun's Mystic Bla  Conj/Tloc      0%         2d3       100%        4
 Manifold Assault         Tloc           0%         N/A       100%        4
 Olgreb's Toxic Radiance  Pois           0%         N/A       100%        4
 Passage of Golubria      Tloc           0%         N/A       100%        4
 Sticky Flame             Conj/Fire      0%         2d3       100%        4
 Summon Ice Beast         Ice/Summ       0%         N/A       100%        4
 Alistair's Intoxication  Tmut/Pois      0%         N/A       100%        5
 Arcjolt                  Conj/Air       0%         1d10      100%        5
 Fireball                 Conj/Fire      0%         3d3       100%        5
 Freezing Cloud           Conj/Ice/Air   0%         6-21      100%        5
 Iskenderun's Battlesphe  Conj           0%         2d6       100%        5
 Lee's Rapid Deconstruct  Erth           0%         3d4*      100%        5
 Summon Forest            Summ/Tloc      0%         N/A       100%        5
 Yara's Violent Unravell  Hex/Tmut       0%         3d3       100%        5
 Conjure Ball Lightning   Conj/Air       0%         3x3d6     100%        6
 Simulacrum               Ice/Necr       0%         N/A       100%        6
 Summon Cactus Giant      Summ           0%         N/A       100%        6
 Dragon Form              Tmut           0%         N/A       100%        7
 Haunt                    Necr/Summ      0%         N/A       100%        7
 Malign Gateway           Summ/Tloc      0%         N/A       100%        7
 Orb of Destruction       Conj           0%         9d5       100%        7
 Spellforged Servitor     Conj/Summ      0%         N/A       100%        7
 Storm Form               Tmut/Air       0%         N/A       100%        7
 Summon Hydra             Summ           0%         N/A       100%        7
 Borgnjor's Revivificati  Necr           0%         N/A       100%        8
 Discord                  Hex            0%         N/A       100%        8
 Disjunction              Tloc           0%         N/A       100%        8
 Ignition                 Fire           0%         3d3       100%        8
 Infestation              Necr           0%         N/A       100%        8
 Maxwell's Capacitive Co  Air            0%         ∞         100%        8
 Necromutation            Tmut/Necr      0%         N/A       100%        8
 Summon Horrible Things   Summ           0%         N/A       100%        8
 Chain Lightning          Conj/Air       0%         N/A       100%        9
 Death's Door             Necr           0%         N/A       100%        9
 Dragon's Call            Summ           0%         N/A       100%        9
 Fire Storm               Conj/Fire      0%         5d1       100%        9
 Shatter                  Erth           0%         3d5*      100%        9


Dungeon Overview and Level Annotations

Branches:
Dungeon (15/15)            Temple (0/1) D:5            Lair (5/5) D:11
 Shoals (4/4) Lair:3        Snake (4/4) Lair:3        Slime (0/5) Lair:4
    Orc (2/2) D:11            Elf (3/3) Orc:2        Vaults (5/5) D:13
  Crypt (0/3) Vaults:2     Depths (4/4) D:15            Zot (2/5) Depths:4
Ossuary (visited)         Desolation (visited)      Gauntlet (visited)

Altars:
Dithmenos
Fedhas
Okawaru
Qazlal
Ru
Xom

Shops:
D:7 (!!   D:9 [   D:11 [   D:14 [   Orc:1 *   Orc:2 !=((   Shoals:1 **
Shoals:3 *!(   Snake:1 :(((   Snake:2 =::*   Snake:4 =[(   Vaults:3 **

Portals:
Hell: Depths:1 Depths:2 Depths:3 Depths:4
Abyss: Depths:3 Depths:4
Pandemonium: Depths:2
Ziggurat: Depths:1
Trove: Vaults:3 (show abyssal rune of Zot)


Innate Abilities, Weirdness & Mutations

You have a pair of large antennae on your head. (SInv)
You frequently emit foul miasma when damaged in melee.
You are powered by pain.
You are extremely robust. (+30% HP)
You are mostly covered in razor-sharp scales. (AC +2, Slay +2)
Your body sometimes deteriorates upon taking damage.


Message History

You miss the orb of fire.
The orb of fire is severely damaged.
The electric golem blinks!
The golden dragon bites you but does no damage.
The golden dragon claws you but does no damage.
You block the golden dragon's attack.
The electric golem hits you but does no damage.
You block the electric golem's attack. x2
The electric golem closely misses you.
You miss the orb of fire.
The orb of fire is severely damaged.
The orb of fire glows red.
Strange energies course through your body.
You feel clever.
The curse toe gestures.
You block the golden dragon's attack. x3
The white draconian stormcaller calls down the wrath of Qazlal upon you.
Qazlal smites you!
* * * LOW HITPOINT WARNING * * *
The electric golem hits you but does no damage.
The electric golem barely misses you.
You block the electric golem's attack. x2
You whack the orb of fire!
The orb of fire is severely damaged.
The golden dragon is engulfed in a thunderstorm.
You block the golden dragon's attack. x2
The golden dragon completely misses you.
You block the electric golem's attack.
The electric golem hits you but does no damage.
You block the electric golem's attack. The electric golem closely misses you.
You barely miss the orb of fire.
The orb of fire is severely damaged.
The orb of fire glows bright magenta.
The bolt of fire hits you!!!
* * * LOW HITPOINT WARNING * * *
You focus on the pain.
You feel more agile all of a sudden.
You hear a sizzling sound!
The white draconian stormcaller invokes the aid of Qazlal against you.
Qazlal smites you!
You die...

.....[.......##
##...###########
..#########...##
##.............. ..#
##...###≈...{.......... ..#
##...#.≈.##...........
..########
##.≈)..###..'''''''''
.........## ##≈).## #..'+ ++
..........## ##...###{.'++'+++
########...##
##9Dk.##{{'+L.?°/+
##...###.@*D.[#.°''y.[.!+
####...#.ff##k≈zLy'yyL☼☼.+
#######..##...°§####.qlf'''z...
.....#8..8##.≈.## ##{{.§+'''''
.......>...##.≈.##
#{.§f''++++++
####.......###...#
#...f'''''''' ###8..8## ##..#
#..[......... ##..######..#
#....)....... #### ##.(.......#
#..#..)).####


You could see an orb of fire, an electric golem, a shadow dragon, a golden
dragon (berserk), a dread lich (invisible), a curse toe, a white draconian
stormcaller, a death drake (summoned), a moth of wrath, a komodo dragon
(summoned), 3 wandering mushrooms and a swamp drake (summoned).

Vanquished Creatures
  A dread lich (Vaults:5)
  2 ancient liches
  Mara (Depths:1)
  A juggernaut (Depths:4)
  Josephina (Depths:1)
  Vv (Depths:3)
  Vashnia (Snake:3)
  A caustic shrike (Depths:3)
  A curse toe (Zot:1)
  3 golden dragons
  3 doom hounds
  6 tentacled monstrosities
  A walking earthen tome (Depths:2)
  Grunn (Depths:1)
  3 liches
  Mlioglotl (Snake:3)
  4 quicksilver dragons
  5 titans
  A deep elf master archer (Elf:3)
  4 sphinxes
  Gastronok (Lair:1)
  5 death cobs
  6 tengu reavers
  Polyphemus (Shoals:2)
  A draconian knight (Depths:4)
  8 shadow dragons
  5 nagarajas
  6 storm dragons
  8 frost giants
  12 fire giants
  An azure jelly (shapeshifter) (Depths:3)
  The ghost of Offeog the Severer, a journeyman DDFi of Makhleb (Lair:1)
  2 draconian scorchers
  A draconian shifter (Zot:1)
  11 deep elf sorcerers
  2 iron dragons
  A draconian stormcaller (Zot:1)
  13 vault wardens
  2 orc warlords (Vaults:1)
  14 ironbound preservers
  8 deep elf elementalists (Elf:3)
  19 very ugly things
  4 ironbound thunderhulks
  A draconian annihilator (Zot:1)
  The ghost of Hulashix the Severer, a journeyman MiBe of Trog (Elf:2)
  4 vampire knights
  5 war gargoyles
  2 green draconians
  15 stone giants
  A lorocyproca (Depths:2)
  4 black draconians
  9 deep elf demonologists
  4 red draconians
  7 deep elf annihilators
  3 white draconians
  A minotaur (Gauntlet)
  4 purple draconians
  A halazid warlock (Desolation)
  7 deep elf death magi
  17 ettins
  2 merfolk javelineers
  3 crystal guardians
  13 merfolk impalers
  4 deep elf high priests
  8 dire elephants
  A blizzard demon (Depths:1)
  5 jiangshi
  10 fire dragons
  8 ragged hierophants (Desolation)
  4 entropy weavers
  9 great orbs of eyes
  9 hydras
  20 peacekeepers
  6 ogre magi
  5 rakshasas
  30 vault guards
  Harold (Lair:2)
  8 servants of whispers (Desolation)
  13 yaktaur captains
  2 spriggan air magi (Depths:3)
  A hell beast (Depths:1)
  14 ice dragons
  5 salamander tyrants
  3 ironbound frosthearts
  3 alligator snapping turtles
  2 merfolk avatars
  2 catoblepae
  3 satyrs
  A two-headed ogre (shapeshifter) (Depths:3)
  7 anacondas
  34 dancing weapons
  8 merfolk aquamancers
  8 two-headed ogres
  10 centaur warriors
  8 boulder beetles
  6 deep troll shamans
  The ghost of Zonian the Insei, a novice HuGl of Ashenzari (D:7)
  10 naga warriors
  9 death yaks
  2 deep troll earth magi
  Urug (Orc:2)
  3 vampire magi
  8 naga sharpshooters
  A hell hog (Depths:1)
  9 shock serpents
  3 orc high priests (Orc:2)
  3 spriggan berserkers
  5 tengu warriors
  A soul eater (Depths:1)
  A sun demon (Depths:3)
  21 deep elf knights
  8 hell knights
  7 skysharks
  A sixfirhy (Depths:2)
  A goliath frog (Lair:5)
  13 skeletal warriors
  2 salamander mystics
  An iron troll (Depths:2)
  7 sea snakes
  9 naga ritualists
  A shadow dragon zombie (Depths:2)
  23 deep elf archers
  A storm dragon skeleton (Depths:2)
  An obsidian statue (D:10)
  5 glowing orange brains
  28 ironbound convokers
  An orange crystal statue (Depths:1)
  6 wizards
  10 orc knights
  21 harpies
  A steelbarb worm (shapeshifter) (Vaults:5)
  42 deep trolls
  21 deep elf zephyrmancers
  A frost giant zombie (Vaults:3)
  6 necromancers
  9 lindwurms
  6 phantasmal warriors
  14 mana vipers
  39 deep elf pyromancers
  A cyclops (shapeshifter) (Depths:3)
  3 cyclopes
  An oklob plant (Gauntlet)
  32 ugly things
  14 salamanders
  5 orc sorcerers
  An iron dragon skeleton (Vaults:4)
  2 stone giant zombies
  14 fauns
  11 manticores
  A black mamba (shapeshifter) (D:14)
  4 elephants
  Maurice (D:8)
  8 moths of wrath
  4 water nymphs
  19 naga magi
  3 guardian serpents
  16 vault sentinels
  9 merfolk sirens
  Joseph (D:10)
  A molten gargoyle (Desolation)
  An orange demon (Depths:2)
  2 eyes of devastation (shapeshifter)
  A fire giant skeleton (Depths:2)
  An ice statue (D:12)
  An elf zombie (Vaults:4)
  40 black mambas
  3 unseen horrors (Depths:3)
  3 torpor snails
  Maggie (D:6)
  An unseen horror (shapeshifter) (Depths:3)
  A human zombie (Vaults:4)
  3 rime drakes
  2 cane toads (shapeshifter)
  18 cane toads
  A kobold demonologist (D:14)
  2 efreet
  14 komodo dragons
  2 tengu conjurers
  5 freezing wraiths
  25 yaktaurs
  An ice devil (Depths:2)
  An unseen horror skeleton (D:7)
  3 meliai (Lair:4)
  4 hornets
  22 merfolk
  A polar bear (Lair:2)
  4 trolls
  2 queen bees
  A tyrant leech (Lair:4)
  9 wind drakes
  73 saltlings (Desolation)
  A harpy skeleton (D:15)
  Prince Ribbit (D:7)
  9 dream sheep
  A dream sheep (shapeshifter) (Depths:1)
  18 blink frogs
  9 snapping turtles
  2 fire giant simulacra (Depths:2)
  4 small abominations (Depths:3)
  48 slime creatures
  A flying skull (Vaults:2)
  3 wraiths
  A ynoxinul (Depths:2)
  36 water elementals
  6 wyverns
  2 fire elementals (Elf:2)
  52 yaks
  A vampire (D:13)
  6 air elementals
  2 steam dragons
  6 basilisks
  5 chaos spawn (Depths:3)
  16 vampire mosquitoes
  A warg (Orc:1)
  43 nagas
  3 large abominations (Depths:3)
  8 water moccasins
  A swamp worm (shapeshifter) (Vaults:5)
  An acid dragon (Gauntlet)
  A glowing shapeshifter skeleton (Vaults:3)
  Duvessa (D:7)
  2 floating eyes (Depths:1)
  23 orc warriors
  A sky beast (D:7)
  An elf simulacrum (Vaults:4)
  7 ice beasts
  4 black bears
  10 ogres
  9 wolves
  14 centaurs
  2 phantoms
  2 kobold brigands
  20 bullfrogs
  A human skeleton (Vaults:3)
  3 scorpions
  A human simulacrum (Depths:2)
  An earth elemental (Elf:2)
  3 wights (D:6)
  Dowan (D:7)
  38 killer bees
  6 electric eels
  9 howler monkeys
  3 lava snakes (Lair:3)
  A wyvern simulacrum (D:7)
  3 centaur skeletons
  6 centaur zombies
  11 orc priests
  2 hounds
  3 jellies
  A gnoll bouda (D:8)
  Crazy Yiuf (D:4)
  2 iguanas (D:5)
  Jessica (D:2)
  Ijyb (D:4)
  2 sleepcaps
  24 orc wizards
  6 mummies (Ossuary)
  8 gnolls
  9 adders
  A shadow imp (D:5)
  A white imp (D:5)
  2 worms
  61 orcs
  2 ball pythons
  5 bats
  3 endoplasms
  4 giant cockroaches
  5 goblins
  4 hobgoblins
  6 jackals
  15 kobolds
  2 quokkas
  4 frilled lizards
  4 hobgoblin zombies (Ossuary)
  6 rats
  A spectral weapon (Vaults:5)
1955 creatures vanquished.

Vanquished Creatures (collateral kills)
  Bai Suzhen (Elf:2)
  A draconian monk (Depths:4)
  A nagaraja (Snake:4)
  An imperial myrmidon (Desolation)
  2 deep elf sorcerers (Elf:3)
  A vault warden (Vaults:2)
  Louise (Snake:4)
  An orc warlord (Vaults:2)
  2 very ugly things (Vaults:4)
  A black draconian (Zot:1)
  A yellow draconian (Zot:1)
  A deep elf annihilator (Elf:3)
  An ettin (Vaults:2)
  A quicksilver dragon zombie (Vaults:3)
  2 ragged hierophants (Desolation)
  3 peacekeepers (Desolation)
  A centaur warrior (D:15)
  2 ironbound frosthearts
  A death yak (Lair:5)
  A naga sharpshooter (Snake:4)
  Sonja (D:13)
  A deep elf knight (Elf:2)
  A skyshark (Lair:3)
  A skeletal warrior (D:10)
  A wizard (Vaults:3)
  2 orc knights (Orc:2)
  An orange crystal statue (Elf:3)
  2 ironbound convokers (Desolation)
  A deep elf pyromancer (Elf:2)
  A guardian serpent (Desolation)
  A molten gargoyle (Desolation)
  2 centaur skeletons (D:15)
  2 yaktaurs (Vaults:3)
  A komodo dragon (Lair:5)
  A troll (Orc:2)
  3 saltlings (Desolation)
  A dream sheep (Lair:4)
  5 slime creatures
  2 yaks (Lair:3)
  A warg (Orc:2)
  3 orc warriors (Orc:2)
  2 ogres (Orc:2)
  A wolf (Lair:3)
  2 bullfrogs
  2 killer bees (Lair:4)
  An orc priest (Orc:2)
  2 gnolls (Orc:2)
  5 orcs (Orc:2)
75 creatures vanquished.

Vanquished Creatures (others)
  A deep elf knight (Elf:1)
  An iron troll (Depths:2)
  A wizard (Vaults:3)
  A manticore (D:15)
  A deep elf zephyrmancer (Elf:3)
  A queen bee (Lair:1)
  A tengu simulacrum (Depths:2)
  3 water elementals
  2 nagas (Snake:4)
  An orc warrior (Orc:2)
  A gnoll (D:8)
  25 fungi
  120 plants
  A withered plant (Desolation)
160 creatures vanquished.

Grand Total: 2190 creatures vanquished

Notes
Turn   | Place    | Note
-------+----------+-------------------------------------------
     0 | D:1      | jlumianski the Demonspawn Fighter began the quest for the
                  | Orb.
     0 | D:1      | Reached XP level 1. HP: 18/18 MP: 1/1
   387 | D:1      | Gained mutation: You have a pair of small antennae on your
                  | head. [demonic ancestry]
   387 | D:1      | Reached XP level 2. HP: 24/24 MP: 2/2
  1072 | D:2      | Identified the +3 leather armour of Peek-a-Boo {Str+2}
  1234 | D:2      | Gained mutation: You are partially covered in razor-sharp
                  | scales. (AC +1, Slay +1) [demonic ancestry]
  1234 | D:2      | Reached XP level 3. HP: 29/29 MP: 3/3
  1388 | D:2      | Noticed Jessica
  1392 | D:2      | Killed Jessica
  1506 | D:2      | Reached skill level 1 in Dodging
  1506 | D:2      | Reached XP level 4. HP: 27/35 MP: 4/4
  1815 | D:2      | Learned a level 1 spell: Summon Small Mammal
  1981 | D:3      | Found a stormy altar of Qazlal.
  1981 | D:3      | Found a shadowy altar of Dithmenos.
  1987 | D:3      | Became a worshipper of Qazlal Stormbringer
  2085 | D:4      | Identified the +3 chain mail of Makhleb's Whim {rF+ Str+3
                  | Int+5}
  2093 | D:4      | Identified the +9 whip "Grim Tooth" {speed, rPois rC-
                  | Will++ Int+4}
  2139 | D:5      | Entered Level 5 of the Dungeon
  2151 | D:5      | Noticed a scorpion
  2233 | D:4      | Noticed Ijyb
  2249 | D:4      | Killed Ijyb
  2250 | D:4      | Reached skill level 1 in Invocations
  2250 | D:4      | Reached XP level 5. HP: 37/42 MP: 5/5
  2333 | D:5      | Noticed an ogre
  2675 | D:3      | Found a blossoming altar of Fedhas.
  3275 | D:4      | Found a runed translucent door.
  3276 | D:4      | Noticed Crazy Yiuf
  3287 | D:4      | Killed Crazy Yiuf
  3288 | D:4      | Reached skill level 1 in Maces & Flails
  3340 | D:4      | Reached * piety under Qazlal
  3344 | D:4      | Killed an ogre
  3345 | D:4      | Gained mutation: You have a pair of antennae on your head.
                  | [demonic ancestry]
  3345 | D:4      | Reached XP level 6. HP: 13/48 MP: 7/7
  3765 | D:5      | Noticed an ice beast
  3775 | D:5      | Killed an ice beast
  3776 | D:5      | Reached XP level 7. HP: 42/54 MP: 9/9
  3934 | D:6      | You fall into a shaft and drop 2 floors!
  4018 | D:8      | Noticed Maurice
  4028 | D:8      | Killed Maurice
  4029 | D:8      | Reached skill level 5 in Maces & Flails
  4029 | D:8      | Reached XP level 8. HP: 40/61 MP: 9/11
  4052 | D:8      | HP: 3/61 [gnoll/+0 flail[a gnoll bouda] (8)]
  4084 | D:8      | Reached skill level 5 in Fighting
  4353 | D:7      | Reached skill level 5 in Invocations
  4454 | D:7      | Noticed Prince Ribbit
  4471 | D:7      | Killed Prince Ribbit
  4471 | D:7      | Reached ** piety under Qazlal
  4589 | D:6      | Reached XP level 9. HP: 69/69 MP: 13/13
  4599 | D:6      | Found a sand-covered staircase.
  4609 | Ossuary  | Entered an ossuary
  5019 | D:7      | Found Wedwieri's Distillery.
  5030 | D:7      | Bought a potion of berserk rage for 65 gold pieces
  5030 | D:7      | Bought 3 potions of heal wounds for 195 gold pieces
  5030 | D:7      | Bought a potion of curing for 39 gold pieces
  5030 | D:7      | Bought a potion of might for 52 gold pieces
  5283 | D:5      | Found a staircase to the Ecumenical Temple.
  5697 | D:5      | Reached skill level 1 in Throwing
  5898 | D:7      | Noticed Duvessa
  5898 | D:7      | Noticed Dowan
  5900 | D:7      | Noticed Maggie
  5931 | D:6      | Killed Maggie
  5932 | D:6      | Reached skill level 5 in Armour
  6009 | D:6      | Reached *** piety under Qazlal
  6015 | D:7      | Killed Duvessa
  6022 | D:7      | Killed Dowan
  6241 | D:7      | Found Raofol's Distillery.
  6250 | D:7      | Bought a potion of heal wounds for 75 gold pieces
  6283 | D:7      | Gained mutation: You have a pair of large antennae on your
                  | head. (SInv) [demonic ancestry]
  6283 | D:7      | Reached XP level 10. HP: 75/79 MP: 14/14
  6658 | D:7      | Found the ring of the Hare {EV+10}
  6704 | D:7      | Found a runed translucent gate.
  6704 | D:7      | Found a runed translucent gate.
  6705 | D:7      | Found a runed translucent gate.
  6706 | D:7      | Noticed Zonian's ghost (novice HuGl)
  6748 | D:7      | Found Ebauhu's Antique Weapon Shop.
  6903 | D:7      | Killed Zonian's ghost
  6904 | D:7      | Reached skill level 5 in Shields
  7375 | D:10     | Entered Level 10 of the Dungeon
  8013 | D:9      | Reached **** piety under Qazlal
  8357 | D:10     | Noticed Joseph
  8370 | D:10     | Killed Joseph
  8371 | D:10     | Reached skill level 10 in Maces & Flails
  8426 | D:11     | Found Cilet's Armour Shoppe.
  8427 | D:11     | Found a staircase to the Orcish Mines.
  8469 | D:9      | Identified the +0 hat of Qajy {Regen+ Str+2 Dex+2}
  8544 | D:9      | Identified 3 scrolls of acquirement
  8544 | D:9      | Acquired the +3 pair of mountain boots {steadfast, rC+}
  8544 | D:9      | Found the +3 pair of mountain boots {steadfast, rC+}
  8551 | D:9      | Acquired the +6 shadow dragon scales of Dice, Bag, and
                  | Bottle {Str+2 Stlth++++}
  8563 | D:9      | Acquired the +0 kite shield "Guetif" {Str+3 Dex+2}
  8624 | D:9      | Found Udiec's Antique Armour Emporium.
  8703 | D:10     | Gained mutation: You are mostly covered in razor-sharp
                  | scales. (AC +2, Slay +2) [demonic ancestry]
  8703 | D:10     | Reached XP level 11. HP: 69/86 MP: 16/16
  8832 | D:10     | Found a sacrificial altar of Ru.
  8904 | D:10     | Noticed a two-headed ogre
  8915 | D:10     | Killed a two-headed ogre
  8916 | D:10     | Reached skill level 1 in Evocations
  8940 | D:10     | Noticed an obsidian statue
  8964 | D:10     | Killed an obsidian statue
  9114 | D:11     | Noticed a skeletal warrior
  9144 | D:10     | Killed a skeletal warrior
  9153 | D:11     | Noticed a skeletal warrior
  9153 | D:11     | Noticed a skeletal warrior
  9819 | D:11     | Killed a skeletal warrior
  9848 | D:11     | Noticed a skeletal warrior
  9876 | D:11     | Killed a skeletal warrior
  9916 | D:11     | Killed a skeletal warrior
  9980 | D:11     | Noticed a two-headed ogre
  9993 | D:11     | Killed a two-headed ogre
 10115 | D:11     | Found a staircase to the Lair.
 10191 | D:11     | Gained mutation: You sometimes gain a little power by
                  | taking damage. [demonic ancestry]
 10191 | D:11     | Reached XP level 12. HP: 97/97 MP: 17/19
 10588 | Lair:1   | Entered Level 1 of the Lair of Beasts
 10658 | Lair:1   | Reached skill level 5 in Evocations
 10781 | Lair:1   | Found a transporter.
 10781 | Lair:1   | Found a transporter.
 10781 | Lair:1   | Noticed Offeog's ghost (journeyman DDFi)
 10851 | Lair:1   | Reached skill level 10 in Invocations
 10851 | Lair:1   | Gained mutation: You sometimes gain power by taking damage.
                  | [demonic ancestry]
 10851 | Lair:1   | Reached XP level 13. HP: 83/103 MP: 15/20
 11000 | Lair:1   | Reached skill level 10 in Fighting
 11648 | Lair:1   | Noticed Gastronok
 11666 | Lair:1   | Killed Gastronok
 11884 | Lair:1   | Killed Offeog's ghost
 12277 | Lair:2   | Upgraded the game from 0.30-a0-1114-gd936c97349 to
                  | 0.30-a0-1123-gabc949cf19
 12726 | Lair:2   | Noticed Harold
 12744 | Lair:2   | Killed Harold
 13322 | Lair:3   | Reached ***** piety under Qazlal
 13327 | Lair:3   | Found a staircase to the Snake Pit.
 13789 | Lair:3   | Found a staircase to the Shoals.
 14084 | Lair:3   | Gained mutation: You are robust. (+10% HP) [demonic
                  | ancestry]
 14084 | Lair:3   | Reached XP level 14. HP: 100/124 MP: 15/22
 14699 | Lair:5   | Entered Level 5 of the Lair of Beasts
 14897 | Lair:4   | Reached skill level 10 in Shields
 15787 | Lair:4   | Found a staircase to the Slime Pits.
 16963 | Lair:5   | Reached skill level 10 in Armour
 17013 | Lair:5   | Gained mutation: You may rarely emit foul miasma when
                  | damaged in melee. [demonic ancestry]
 17013 | Lair:5   | Reached XP level 15. HP: 131/134 MP: 24/24
 18618 | D:12     | Found a gateway to a bazaar.
 18647 | Bazaar   | Entered a bazaar
 18647 | Bazaar   | Found Cosiech's Weapon Shoppe.
 18647 | Bazaar   | Found Kiejiun's Magic Scroll Emporium.
 18648 | Bazaar   | Found Zeimuepn's Armour Shoppe.
 18648 | Bazaar   | Found Kaqutiblowk's Antique Weapon Emporium.
 18688 | Bazaar   | Bought a scroll of brand weapon for 95 gold pieces
 18688 | Bazaar   | Bought a scroll of blinking for 75 gold pieces
 18688 | Bazaar   | Bought a scroll of summoning for 95 gold pieces
 18909 | D:14     | Found Tosent's Armour Shoppe.
 18936 | D:15     | Entered Level 15 of the Dungeon
 19127 | D:13     | Noticed Sonja
 19146 | D:13     | Killed Sonja
 19467 | D:13     | Found a gate to the Vaults.
 20756 | D:15     | Found a staircase to the Depths.
 21083 | D:15     | Reached XP level 16. HP: 142/146 MP: 24/26
 21817 | Snake:1  | Entered Level 1 of the Snake Pit
 22178 | Snake:2  | Found the amulet of Vitality {RegenMP++ Regen++}
 22543 | Snake:1  | Found Tumebbam's Weapon Shop.
 22547 | Snake:1  | Found Ilib's Antique Weapon Boutique.
 22548 | Snake:1  | Found Fuqawku's Book Shop.
 22599 | Snake:1  | Bought a glowing eveningstar for 486 gold pieces
 22599 | Snake:1  | Bought a translucent trident for 229 gold pieces
 22599 | Snake:1  | Identified the +11 trident of Foul Odours {heavy, rElec
                  | rPois rF+ Will++} (You bought it in a shop on level 1 of
                  | the Snake Pit)
 22886 | Snake:1  | Found Ykkiavuyx's Antique Weapon Emporium.
 23389 | Snake:2  | Reached skill level 10 in Evocations
 23454 | Snake:2  | Reached ****** piety under Qazlal
 23600 | Snake:2  | Identified the staff of fire "Bolaut Noeto" {rF+ Int+3}
 23856 | Snake:2  | Reached skill level 15 in Fighting
 23958 | Snake:2  | Found Zoiwnal's Assorted Antiques.
 24182 | Snake:2  | Found Narihucw's Book Shoppe.
 24186 | Snake:2  | Found Laeluth's Jewellery Boutique.
 24187 | Snake:2  | Found Anurr's Book Shoppe.
 24672 | Snake:4  | Entered Level 4 of the Snake Pit
 24672 | Snake:4  | Noticed Vashnia
 24709 | Snake:3  | Killed Vashnia
 24731 | Snake:4  | Found Umoptoa's Jewellery Emporium.
 24751 | Snake:4  | Identified the +0 tower shield "Jicli" {*Slow Fly Will++
                  | Int+3}
 24751 | Snake:4  | Noticed Louise
 24764 | Snake:3  | Gained mutation: You are powered by pain. [demonic
                  | ancestry]
 24764 | Snake:3  | Reached XP level 17. HP: 156/156 MP: 27/27
 25109 | Snake:4  | Killed Louise
 25138 | Snake:4  | Found Kegeasto's Armour Boutique.
 25160 | Snake:4  | Found a flickering gateway to a bazaar.
 25180 | Bazaar   | Entered a bazaar
 25184 | Bazaar   | Found Vememukh's Antique Armour Boutique.
 25209 | Bazaar   | Found Ysemn's Antique Armour Shoppe.
 25232 | Bazaar   | Found Wuuczil's General Store.
 25257 | Bazaar   | Found Zaunoix's Antique Weapon Emporium.
 25263 | Bazaar   | Bought a glowing broad axe for 126 gold pieces
 25288 | Bazaar   | Bought a pair of glowing gloves for 127 gold pieces
 25303 | Bazaar   | Bought a pair of glowing boots for 142 gold pieces
 25392 | Snake:4  | Noticed Mlioglotl
 25460 | Snake:3  | Killed Mlioglotl
 25585 | Snake:4  | Reached skill level 15 in Invocations
 25662 | Snake:3  | Upgraded the game from 0.30-a0-1123-gabc949cf19 to
                  | 0.30-a0-1124-g6e8f0f562f
 25734 | Snake:4  | Found Ymead's Antique Weapon Boutique.
 26399 | Snake:4  | Got a serpentine rune of Zot
 26935 | Shoals:1 | Entered Level 1 of the Shoals
 27110 | Shoals:1 | Found Tuxocror's General Store.
 27110 | Shoals:1 | Found Laysk's Specific Store.
 27192 | Shoals:1 | Bought a potion of heal wounds for 65 gold pieces
 27448 | Shoals:2 | Noticed Polyphemus
 27499 | Shoals:2 | Killed Polyphemus
 28235 | Shoals:2 | Reached skill level 15 in Shields
 28246 | Shoals:3 | Found Veylenat's Assorted Antiques.
 28300 | Shoals:2 | Reached XP level 18. HP: 166/166 MP: 29/29
 28677 | Shoals:3 | Found Eruemp's Weapon Emporium.
 28689 | Shoals:2 | Identified the ring "Axetz" {Int+2 Dex+6}
 29218 | Shoals:4 | Entered Level 4 of the Shoals
 29447 | Shoals:3 | Found Uvuavosk's Distillery.
 29455 | Shoals:3 | Bought a potion of heal wounds for 65 gold pieces
 30020 | Shoals:4 | Paralysed by an air elemental for 1 turns
 30546 | Shoals:4 | Got a barnacled rune of Zot
 30809 | Shoals:4 | Paralysed by an air elemental for 1 turns
 30814 | Shoals:4 | Paralysed by an air elemental for 1 turns
 31145 | Vaults:1 | Entered Level 1 of the Vaults
 31937 | Vaults:2 | Found a crumbling gateway.
 31948 | Desolati | Entered the Desolation of Salt
 32043 | Desolati | Gained mutation: You sometimes emit foul miasma when
                  | damaged in melee. [demonic ancestry]
 32043 | Desolati | Reached XP level 19. HP: 99/174 MP: 31/31
 32097 | Desolati | Identified the ring "Hemoimiu" {Will- MP+9 Int+5}
 32102 | Desolati | Got Fiawehag's Spellbook of the Disturbing Artists
 32319 | Desolati | Identified the +1 halberd of the Candelabrum {heavy, rElec}
 32515 | Desolati | Identified the ring "Opruwa" {rPois AC+4 Str+5 Int-4}
 32571 | Desolati | Identified the amulet of Maorat {Spirit rC+ Str+7}
 32591 | Desolati | Got the Compendium of Impulse
 32711 | Desolati | Identified the ring of Iciymani {rPois Stlth+}
 33016 | Desolati | Identified the +2 leather armour "Caloigyck" {Harm rPois
                  | rC+ rN+}
 33020 | Desolati | Got the Compendium of the Breezy Cure
 33206 | Desolati | Identified the ring "Garefy" {rPois rN+ rCorr AC+4 Dex-4}
 33209 | Desolati | Identified the +3 shortbow of Exchange {heavy, rF- rN+
                  | Int+3 SInv}
 33430 | Desolati | Got the Lectures on Command and the Jinx
 34796 | Vaults:2 | Found a staircase to the Crypt.
 35337 | Vaults:2 | Gained mutation: You are very robust. (+20% HP) [demonic
                  | ancestry]
 35337 | Vaults:2 | Reached XP level 20. HP: 115/204 MP: 32/32
 36563 | Vaults:3 | HP: 5/195 [tengu reaver/bolt of negative energy (29)]
 36972 | Vaults:3 | Found Kuocan's General Store.
 37395 | Snake:4  | Bought the +3 pair of seven-league boots {Rampage+∞} for
                  | 640 gold pieces
 37395 | Snake:4  | Found the +3 pair of seven-league boots {Rampage+∞}
 37901 | Vaults:3 | Found Eduar's General Store.
 37913 | Vaults:3 | Bought a scroll of enchant armour for 112 gold pieces
 38209 | Vaults:3 | Found a portal to a secret trove of treasure.
 39741 | Vaults:4 | Reached XP level 21. HP: 213/213 MP: 34/34
 40331 | Vaults:5 | Entered Level 5 of the Vaults
 40692 | Vaults:4 | Reached skill level 15 in Armour
 41480 | Vaults:5 | Found the +7 Spriggan's Knife {stab, EV+4 Stlth+}
 41550 | Vaults:5 | Got a silver rune of Zot
 41583 | Vaults:5 | Gained mutation: You are vulnerable to heat. (rF-) [a
                  | shining eye]
 41658 | Vaults:5 | Found the +6 lightning scales {swift, rElec}
 41769 | Vaults:5 | Noticed a golden dragon
 41770 | Vaults:5 | Identified the +6 dagger of Bread {freeze, Int+2}
 42199 | Vaults:5 | Killed a golden dragon
 42632 | Vaults:5 | Noticed an ancient lich
 42651 | Vaults:5 | Killed an ancient lich
 42779 | Vaults:5 | Noticed a golden dragon
 42810 | Vaults:5 | Killed a golden dragon
 43004 | Vaults:5 | Noticed a dread lich
 43043 | Vaults:5 | Killed a dread lich
 43110 | Vaults:5 | Identified the staff of conjuration "Ihywko Jabai" {Will+}
 43113 | Vaults:5 | Identified the +10 spear of the Thirsty Tusks {protect, rF+
                  | Dex+2}
 43127 | Vaults:5 | Gained mutation: You are extremely robust. (+30% HP)
                  | [demonic ancestry]
 43127 | Vaults:5 | Reached XP level 22. HP: 197/245 MP: 35/35
 43157 | Vaults:5 | Identified the staff of death "Kout" {Fly rPois rF- rN+
                  | SInv}
 43172 | Vaults:5 | Identified the staff of air "Meriufar" {rElec rPois rC+
                  | Str+4 Int+3 SInv}
 43174 | Vaults:5 | Got the Encyclopedia of the Rat
 43542 | Orc:1    | Entered Level 1 of the Orcish Mines
 43548 | Orc:1    | Found Saoh Vuo's Gadget Gallery.
 43851 | Orc:2    | Entered Level 2 of the Orcish Mines
 43873 | Orc:2    | Found a gate leading to a gauntlet.
 43875 | Orc:2    | Found a staircase to the Elven Halls.
 43885 | Gauntlet | Entered a Gauntlet
 43885 | Gauntlet | Found a transporter.
 43885 | Gauntlet | Found a large runed translucent door.
 43885 | Gauntlet | Found a large runed translucent door.
 43885 | Gauntlet | Found a large runed translucent door.
 43885 | Gauntlet | Found a large runed translucent door.
 43885 | Gauntlet | Found a runed translucent door.
 43885 | Gauntlet | Found a runed translucent door.
 43885 | Gauntlet | Found a large runed translucent door.
 43885 | Gauntlet | Found a large runed translucent door.
 43885 | Gauntlet | Found a large runed translucent door.
 43885 | Gauntlet | Found a large runed translucent door.
 43885 | Gauntlet | Found a large runed translucent door.
 43885 | Gauntlet | Found a large runed translucent door.
 43886 | Gauntlet | Found a large runed translucent door.
 43886 | Gauntlet | Found a large runed translucent door.
 43887 | Gauntlet | Found a large runed translucent door.
 43887 | Gauntlet | Found a large runed translucent door.
 43887 | Gauntlet | Found a large runed translucent door.
 43887 | Gauntlet | Found a large runed translucent door.
 43896 | Gauntlet | Found a transporter.
 43915 | Gauntlet | Found a transporter.
 43976 | Gauntlet | Found a transporter.
 43983 | Gauntlet | Found a transporter.
 43990 | Gauntlet | Found a transporter.
 44008 | Gauntlet | Found the ring of the Mage {Wiz Archmagi}
 44010 | Gauntlet | Found a transporter.
 44029 | Gauntlet | Found a transporter.
 44041 | Gauntlet | Found a transporter.
 44053 | Gauntlet | Found a transporter.
 44065 | Gauntlet | Found a transporter.
 44077 | Gauntlet | Found a transporter.
 44096 | Gauntlet | Found a transporter.
 44154 | Gauntlet | Found a runed translucent gate.
 44154 | Gauntlet | Found a runed translucent gate.
 44154 | Gauntlet | Found a runed translucent gate.
 44155 | Gauntlet | Found a transporter.
 44166 | Gauntlet | Found a transporter.
 44167 | Gauntlet | Found a transporter.
 44170 | Gauntlet | Found a transporter.
 44210 | Gauntlet | Found a transporter.
 44760 | Orc:2    | Noticed Urug
 44765 | Orc:2    | Killed Urug
 44885 | Orc:2    | Found Atzevies's Distillery.
 44885 | Orc:2    | Found Ihafaer's Weapon Emporium.
 44890 | Orc:2    | Found Yvewk's Jewellery Boutique.
 44890 | Orc:2    | Found Garchukhle's Antique Weapon Emporium.
 44896 | Orc:2    | Bought a potion of mutation for 136 gold pieces
 45260 | Elf:1    | Entered Level 1 of the Elven Halls
 45297 | Elf:1    | Paralysed by an air elemental for 1 turns
 45302 | Elf:1    | Paralysed by an air elemental for 1 turns
 45617 | Elf:1    | Paralysed by an air elemental for 1 turns
 45925 | Elf:1    | Paralysed by an air elemental for 1 turns
 45937 | Elf:1    | Paralysed by an air elemental for 1 turns
 45952 | Elf:1    | Found a shimmering altar of Xom.
 46602 | Elf:2    | Reached skill level 15 in Evocations
 46729 | Elf:2    | Found a runed translucent door.
 46731 | Elf:2    | Noticed Hulashix's ghost (journeyman MiBe)
 46736 | Elf:3    | Entered Level 3 of the Elven Halls
 46779 | Elf:2    | Killed Hulashix's ghost
 46884 | Elf:3    | Noticed Bai Suzhen
 46902 | Elf:2    | Killed Bai Suzhen
 46950 | Elf:2    | Found a runed translucent gate.
 46951 | Elf:2    | Found a runed translucent gate.
 46951 | Elf:2    | Found a runed translucent gate.
 48005 | Elf:2    | Reached XP level 23. HP: 194/253 MP: 37/37
 48177 | Elf:3    | Identified the +4 short sword of Destruction {venom, *Slow
                  | Str+5 SInv}
 48177 | Elf:3    | Identified the +8 spear of Qixah Henyj {venom, rElec rPois
                  | rF- rN+++}
 48279 | Elf:3    | Identified the +2 hand axe of Faedadi {freeze, rPois rC+
                  | rN+ Str-4}
 48337 | Elf:3    | Identified the +1 ring mail of the Buccaneer {Int+2}
 48372 | Elf:3    | Identified the +7 halberd of Starshine {vamp, Will++}
 48789 | Elf:3    | Identified the +0 morningstar of Nepinoy {heavy, Str+3}
 48917 | Elf:3    | Found the +2 hat of the Bear Spirit {Spirit, Bear, *Rage
                  | Will++}
 48921 | Elf:3    | Identified the +4 hand axe "Icishrass" {freeze, rC++}
 48939 | Elf:3    | Identified the staff of death "Rage" {Fly rPois rF+ rN+
                  | rCorr}
 48940 | Elf:3    | Identified the +6 scimitar "Iseofuno" {flame, Int+4}
 48945 | Elf:3    | Identified the +3 rapier of Ancient Evil {flame, rElec
                  | Will+ rCorr Int-2}
 49508 | Depths:1 | Entered Level 1 of the Depths
 49542 | Depths:1 | Found a one-way gateway to a ziggurat.
 49641 | Depths:1 | Noticed Mara
 49671 | Depths:1 | Noticed jlumianski's illusion
 49716 | Depths:1 | Killed Mara
 49844 | Depths:2 | Noticed Grunn
 49894 | Depths:2 | You are sucked into a shaft and drop 1 floor!
 50092 | Depths:3 | Noticed a caustic shrike
 50117 | Depths:3 | Killed a caustic shrike
 50324 | Depths:3 | Gained mutation: You occasionally lose the ability to drink
                  | potions when taking damage. [mutagenic glow]
 50546 | Depths:2 | Identified the ring of Enwom {Ice Int+2 Dex+3}
 50546 | Depths:2 | Noticed Josephina
 50674 | Depths:3 | Noticed Vv
 50714 | Depths:3 | Killed Vv
 50804 | Depths:3 | Found a one-way gate to the infinite horrors of the Abyss.
 50846 | Depths:3 | Found a gateway to Hell.
 51031 | Depths:3 | Lost mutation: You occasionally lose the ability to drink
                  | potions when taking damage. [potion of mutation]
 51031 | Depths:3 | Lost mutation: You are vulnerable to heat. (rF-) [potion of
                  | mutation]
 51031 | Depths:3 | Gained mutation: You have large cloven feet. [potion of
                  | mutation]
 51031 | Depths:3 | Lost mutation: You have large cloven feet. [potion of
                  | mutation]
 51031 | Depths:3 | Gained mutation: You are dopey. (Int -2) [potion of
                  | mutation]
 51105 | Depths:4 | Entered Level 4 of the Depths
 51373 | Depths:3 | Gained mutation: You frequently emit foul miasma when
                  | damaged in melee. [demonic ancestry]
 51373 | Depths:3 | Reached XP level 24. HP: 261/261 MP: 37/37
 52050 | Depths:1 | Found an iron altar of Okawaru.
 52548 | Depths:1 | Killed Grunn
 52572 | Depths:1 | Killed Josephina
 53234 | Depths:2 | Found a one-way gate leading to the halls of Pandemonium.
 54314 | Depths:4 | Noticed a juggernaut
 54364 | Depths:4 | Killed a juggernaut
 54645 | Depths:4 | Found a gate to the Realm of Zot.
 54984 | Zot:1    | Entered Level 1 of the Realm of Zot
 55086 | Zot:1    | Found a huge runed gate.
 55086 | Zot:1    | Found a huge runed gate.
 55086 | Zot:1    | Found a huge runed gate.
 55086 | Zot:1    | Found a huge runed gate.
 55086 | Zot:1    | Found a huge runed gate.
 55179 | Zot:1    | Found a huge runed gate.
 55179 | Zot:1    | Found a huge runed gate.
 55179 | Zot:1    | Found a huge runed gate.
 55180 | Zot:1    | Found a huge runed gate.
 55180 | Zot:1    | Found a huge runed gate.
 55212 | Zot:1    | Found a huge runed gate.
 55212 | Zot:1    | Found a huge runed gate.
 55212 | Zot:1    | Found a huge runed gate.
 55212 | Zot:1    | Found a huge runed gate.
 55222 | Zot:1    | Found a huge runed gate.
 55223 | Zot:1    | Found a huge runed gate.
 55223 | Zot:1    | Found a huge runed gate.
 55223 | Zot:1    | Found a huge runed gate.
 55403 | Zot:1    | Found a huge runed gate.
 56034 | Zot:1    | Found a huge runed gate.
 56034 | Zot:1    | Found a huge runed gate.
 56034 | Zot:1    | Found a huge runed gate.
 56034 | Zot:1    | Found a huge runed gate.
 56034 | Zot:1    | Found a huge runed gate.
 56034 | Zot:1    | Found a huge runed gate.
 56035 | Zot:1    | Found a huge runed gate.
 56036 | Zot:1    | Found a huge runed gate.
 56037 | Zot:1    | Found a huge runed gate.
 56045 | Zot:1    | Found a huge runed gate.
 56045 | Zot:1    | Found a huge runed gate.
 56045 | Zot:1    | Found a huge runed gate.
 56045 | Zot:1    | Found a huge runed gate.
 56045 | Zot:1    | Found a huge runed gate.
 56045 | Zot:1    | Found a huge runed gate.
 56047 | Zot:1    | Found a huge runed gate.
 56048 | Zot:1    | Found a huge runed gate.
 56164 | Zot:1    | Noticed a dread lich
 56164 | Zot:1    | Noticed an orb of fire
 56164 | Zot:1    | Noticed an ancient lich
 56177 | Zot:1    | Killed an ancient lich
 56181 | Zot:1    | Gained mutation: Your body sometimes deteriorates upon
                  | taking damage. [an orb of fire]
 56189 | Zot:1    | Lost mutation: You are dopey. (Int -2) [an orb of fire]
 56191 | Zot:1    | HP: 1/414 [orb of fire/bolt of fire (67)]
 56191 | Zot:1    | Killed from afar by a white draconian stormcaller

Illustrated notes

Levels and vault maps discovered:
D:1:      dpeg_arrival_rhombi, layout_basic, minivault_14,
          chequers_serial_rivers_small_3, minmay_tromino_v7
D:2:      layout_basic, minmay_misc_feat_square,
          amcnicky_mini_rare_corridor_liquid, uniq_jessica
D:3:      layout_loops_ring, gammafunk_temple_overflow_forgotten,
          amcnicky_altar_gilded, nicolae_eternal_life, minmay_cut_off
D:4:      layout_rooms, skrybe_limestone_x, uniq_ijyb, uniq_crazy_yiuf_cottage
D:5:      minmay_razor_zed, layout_loops_ring, temple_doors_e,
          grunt_ministairs_9
D:6:      layout_basic, nicolae_ossuary_entry_ruins
D:7:      layout_loops_corners, gammafunk_ghost_necromancy, serial_shops,
          nicolae_square_shop, nicolae_shop_industrial_runoff, kennysheep_mini,
          bh_walls_and_bars, uniq_duvessa, uniq_prince_ribbit1, uniq_maggie
D:8:      layout_gridville, uniq_maurice
D:9:      layout_stronghold, serial_shops, shop_fountains
D:10:     layout_irregular_city, nicolae_ru_sacrificial_ziggurat, minivault_16,
          uniq_joseph
D:11:     layout_loops_cross, hellmonk_lair_entry_icy, orc_david_3
D:12:     kennysheep_big_flooded_room, layout_gridville, serial_shops,
          statue_bzr
D:13:     layout_irregular_city, erik_vaults_1, uniq_sonja
D:14:     layout_roguey, serial_shops, shop, grunt_decor_fettered
D:15:     grunt_enter_depths_magical_seal, layout_stronghold, elyvilon_altar_3
Lair:1:   layout_regular_city, gammafunk_ghost_hive, uniq_gastronok
Lair:2:   layout_cave_pods, uniq_harold
Lair:3:   nzn_winding_woodlands_medium [nzn_winding_woodlands_5x5_perimeter,
          nzn_winding_woodlands_5x15_pathside_ponds,
          nzn_winding_woodlands_hourglass, nzn_winding_woodlands_5x5_open_star,
          nzn_winding_woodlands_center_triple_pond,
          nzn_winding_woodlands_5x5_cross, nzn_winding_woodlands_5x5_default,
          nzn_winding_woodlands_5x15_jagged, nzn_winding_woodlands_5x5_default],
          layout_chaotic_city, elwin_shoals_entry_stream,
          nicolae_snake_entry_warm_welcome
Lair:4:   regret_index_bee_streams, layout_layer_cave, slime_entry_1
Lair:5:   minmay_lair_end_frog_pond, layout_cave_pods
Shoals:1: layout_shoals, nicolae_specific_store
Shoals:2: cheibrodos_shoals_satyrical_garden, layout_shoals, uniq_polyphemus
Shoals:3: layout_shoals, serial_shops, nicolae_shop_bloodbath_and_beyond, shop,
          nicolae_shop_just_a_little_nook, nicolae_shoals_circle_sea_wall
Shoals:4: shoals_end_hellmonk_storm_palace [storm_palace_center_square,
          storm_palace_corner_reverse_hut, storm_palace_corner_pillars,
          storm_palace_corner_blocked, storm_palace_corner_pillars]
Snake:1:  layout_honeycomb, serial_shops, shop, minmay_shop_star
Snake:2:  layout_basic, serial_shops, shop, grunt_ministairs_11,
          nicolae_snake_mages_go_home, grunt_megastairs_2, minmay_shop_grove
Snake:3:  layout_rooms, drop_trap, nicolae_snake_bzzzt
Snake:4:  minmay_snake_end_coiled, layout_basic, serial_shops, bzr_entry_water,
          shop, shop, shop, serial_bayou_shore_b, serial_bayou_shore_b,
          uniq_vashnia, uniq_mlioglotl, uniq_louise
Orc:1:    layout_caves, serial_shops, nicolae_shop_gadgets
Orc:2:    grunt_orc_tribal_feast, layout_caves, gauntlet_entry_generic,
          uniq_urug
Elf:1:    minmay_elf_arrival_summoners, layout_loops_ring, basic_altar,
          hangedman_elven_crosses_minicolossus, nicolae_elf_crossing_hall
Elf:2:    nicolae_elf_blades_crystal_corner, layout_gridlike,
          gammafunk_ghost_grave, amcnicky_mini_corridor_feature,
          hellmonk_bongcloud_opening, corexii_hall_statues_l
Elf:3:    minmay_elf_hall_spiked, layout_geoelf_grid, minivault_16,
          nicolae_elf_glass_and_crystal_pillar_2, uniq_bai_suzhen
Vaults:1: nicolae_vaults_gold_heap, ontoclasm_vaults_spin,
          nicolae_vaults_network_s, grunt_vaults_focal, ontoclasm_vaults_eye,
          hangedman_vaults_restitches, vaults_room_large_hall, v_misc_29,
          nicolae_vaults_border_crossing, layout_vaults_omnicross
Vaults:2: portal_desolation_entry_nicolae_slug, hangedman_vaults_variations,
          dpeg_vaults_pockets_of_resistance, v_misc_19,
          minmay_crypt_entry_simple_sparse, ontoclasm_vaults_gateway,
          vaults_dpeg_doors, layout_vaults_chaotic_city
Vaults:3: hangedman_vaults_nodes, hangedman_vaults_unwind, vaults_room_pools,
          dpeg_vaults_monster_box, vaults_room_mumra_shop_pool, v_rooms_6,
          nicolae_vaults_circle_grid_b, ontoclasm_vaults_shuriken,
          grunt_vaults_hallway_short, dpeg_vaults_waves, layout_vaults_omnigrid,
          nicolae_trove_entry_free_sample, serial_shops, shop_coins
Vaults:4: ontoclasm_vaults_tryst, nicolae_vaults_network_periphery, v_misc_19,
          nicolae_vaults_network_star, v_misc_19, v_alt_pattern_4,
          nicolae_vaults_network_quinsquares
          [nicolae_vaults_network_quincunx_subvault,
          nicolae_vaults_network_quincunx_subvault,
          nicolae_vaults_network_quincunx_subvault,
          nicolae_vaults_network_quincunx_subvault], v_rooms_2,
          vaults_mumra_chevron, hangedman_vaults_cutoff, v_misc_1,
          nicolae_vaults_rhombus_6, nicolae_vaults_little_squares_2,
          layout_vaults_omnibox
Vaults:5
Depths:1: layout_cave_pools, enter_ziggurat_d, chequers_serial_rivers_micro_e,
          grunt_mini_vestibule, minivault_16, okawaru_gym_becter,
          serial_bayou_shore_b, uniq_mara
Depths:2: hangedman_cross_stitches, layout_twisted_cross,
          rand_demon_pan_entry_7, hell_entry, kennysheep_random_hallway,
          uniq_grunn, uniq_josephina
Depths:3: minmay_the_grid_3x3 [minmay_the_grid_square_x,
          minmay_the_grid_gridbox, minmay_the_grid_large_cup,
          minmay_the_grid_plusring, minmay_the_grid_minigrid_small,
          minmay_the_grid_minigrid_medium, minmay_the_grid_odd_star,
          minmay_the_grid_slots, minmay_the_grid_prize_inner_circle],
          layout_long_grid, pf_hell_entry_tar_spiral, grunt_decor_resistance,
          minmay_room_of_horrors, kennysheep_generic_room_11,
          serial_bayou_shore_a, uniq_vv
Depths:4: grunt_zot_entry_gee_three, layout_cave_pools, hangedman_geh_valley,
          abyss_entry, serial_bayou_ford_a
Zot:1:    layout_concentric_octagons, st_stairs_6, door_vault
Zot:2:    layout_gridlike

Skill      XL: |  1  2  3  4  5  6  7  8  9 10 11 12 13 14 15 16 17 18 19 20 21 22 23 24 |
---------------+-------------------------------------------------------------------------+-----
Axes           | 2 3 |  3.0
Armour         | 3 4 5 6 7 9 10 11 12 13 14 15 16 17 | 17.0
Shields        | 3 4 5 6 8 10 12 13 15 16 17 18 19 20 21 22 | 22.8
Dodging        | 1 |  1.1
Invocations    | 1 2 3 4 5 6 7 9 10 11 12 13 14 15 16 17 18 19 20 21 | 21.6
Maces & Flails | 1 3 5 6 8 10 11 | 11.8
Fighting       | 4 5 7 8 9 11 12 14 15 16 17 18 19 20 21 22 | 22.9
Throwing       | 1 2 |  2.9
Evocations     | 4 5 7 8 9 10 11 12 13 14 15 16 | 16.7

Action                     |  1- 3 |  4- 6 |  7- 9 | 10-12 | 13-15 | 16-18 | 19-21 | 22-24 || total
---------------------------+-------+-------+-------+-------+-------+-------+-------+-------++-------
  Melee: War axe           |    86 |    12 |       |       |       |       |       |       ||    98
         Whip              |       |    87 |   332 |   460 |  1746 |  2315 |  3275 |    78 ||  8293
         Demon whip        |       |       |       |       |       |       |       |  2712 ||  2712
  Throw: Stone             |     1 |       |       |       |       |       |       |       ||     1
         Dart              |       |     6 |    10 |    10 |       |       |       |       ||    26
         Javelin           |       |       |       |     7 |    13 |     1 |       |     2 ||    23
 Invoke: Upheaval          |       |       |       |     1 |     6 |     6 |    10 |    16 ||    39
         Elemental Force   |       |       |       |     3 |     6 |     4 |     8 |    10 ||    31
         Disaster Area     |       |       |       |       |       |     1 |     1 |     1 ||     3
  Evoke: Wand              |       |       |     2 |       |     1 |     2 |     1 |     3 ||     9
         Phantom mirror    |       |       |       |       |     1 |     2 |       |     1 ||     4
         Tin of tremorston |       |       |       |       |       |     5 |     5 |     5 ||    15
    Use: Scroll            |     3 |     4 |     8 |     8 |     6 |     5 |     3 |    10 ||    47
         Potion            |       |     1 |     1 |     2 |     1 |     1 |     3 |     2 ||    11
   Stab: Paralysed         |       |       |       |     2 |     8 |     7 |    14 |    14 ||    45
         Petrified         |       |       |       |       |     4 |     5 |       |       ||     9
         Distracted        |       |       |       |       |       |     3 |     1 |     2 ||     6
 Armour: Scale mail        |    31 |       |       |       |       |       |       |       ||    31
         Leather armour    |    18 |    10 |       |       |       |       |       |       ||    28
         Chain mail        |       |    21 |   104 |    23 |       |       |       |       ||   148
         Shadow dragon sca |       |       |       |    59 |   351 |   705 |   846 |   789 ||  2750
  Dodge: Dodged            |    57 |    28 |    65 |   173 |   561 |   422 |   349 |   363 ||  2018
         Repelled          |       |       |       |       |     7 |    39 |    11 |    35 ||    92
  Block: Buckler           |    23 |    23 |   102 |    31 |       |       |       |       ||   179
         Kite shield       |       |       |       |   178 |  1055 |   761 |       |       ||  1994
         Tower shield      |       |       |       |       |       |  1180 |  2552 |  2529 ||  6261

Table legend: (Time is in decaauts)
 A = Elapsed time spent in this place.
 B = Non-inter-level travel time spent in this place.
 C = Inter-level travel time spent in this place.
 D = Time resting spent in this place.
 E = Time spent auto-exploring this place.
 F = Levels seen in this place.
 G = Mean time per level.
                   A        B        C        D        E       F      G
               +--------+--------+--------+--------+--------+-----+--------+
         Total |  50691 |  45716 |   4975 |   1630 |  24689 |  49 | 1034.5 |
       Dungeon |  15169 |  13301 |   1868 |    239 |   8477 |  15 | 1011.3 |
          Lair |   7464 |   6558 |    906 |    393 |   3803 |   5 | 1492.8 |
        Shoals |   3260 |   3101 |    159 |     55 |   1864 |   4 |  815.0 |
     Snake Pit |   4317 |   4045 |    272 |    267 |   1955 |   4 | 1079.2 |
  Orcish Mines |   1332 |   1024 |    308 |      0 |    591 |   2 |  666.0 |
   Elven Halls |   3473 |   2904 |    569 |      0 |   1533 |   3 | 1157.7 |
        Vaults |   8315 |   7708 |    607 |    446 |   4070 |   5 | 1663.0 |
        Depths |   4371 |   4086 |    285 |    196 |   1863 |   4 | 1092.8 |
           Zot |    956 |    956 |      0 |      0 |    327 |   2 |  478.0 |
        Bazaar |    216 |    216 |      0 |      0 |      0 |   2 |  108.0 |
       Ossuary |    147 |    147 |      0 |     34 |      0 |   1 |  147.0 |
    Desolation |   1197 |   1197 |      0 |      0 |    203 |   1 | 1197.0 |
      Gauntlet |    468 |    468 |      0 |      0 |      2 |   1 |  468.0 |
               +--------+--------+--------+--------+--------+-----+--------+

Top non-repeatable levels by time:
Vaults:4: 2053 daAuts
  Lair:4: 1807 daAuts
  Lair:1: 1785 daAuts
Vaults:5: 1701 daAuts
Vaults:3: 1567 daAuts
  Lair:3: 1559 daAuts
Depths:3: 1552 daAuts
Vaults:1: 1503 daAuts
Vaults:2: 1490 daAuts
    D:11: 1417 daAuts
   Elf:1: 1317 daAuts
Desolation: 1197 daAuts
  Lair:2: 1158 daAuts
  Lair:5: 1152 daAuts
     D:7: 1144 daAuts
